AoeStats
← AGCaesar

Arabia

503426570Analyzed
2v2 RM · 1mo ago on Aug 31, 2026· 33m 52s· 4 players
Game mode
Random Map
Map size
Medium (4 player)
Population
200
Speed
Normal
Resources
Standard
Victory
Conquest
Starting age
Dark Age
Ending age
Imperial Age
RankedLock teamsTeams togetherTeam positionsShared explorationLock speedFull tech treeHidden civsTurbo modeCheats
Victory
Defeat
🇵🇪 Huns · Peru
1057
+11
🇨🇴 Portuguese · Colombia
1024
+13
🇩🇪 Slavs · Germany
954
-12
🇮🇹 Celts · Italy
944
-12
professor
0:29 Loom
12:18 Feudal Age
13:11 Double-Bit Axe
14:30 Wheelbarrow
19:28 Horse Collar
20:11 Town Watch
24:29 Castle Age
23:49 Gold Mining
24:40 Elite Skirmisher
25:46 Hand Cart
28:01 Husbandry
29:49 Fletching
30:00 Padded Archer Armor
AGCaesar
3:04 Loom
10:38 Feudal Age
11:19 Man-at-Arms
12:48 Scale Mail Armor
12:59 Forging
17:30 Double-Bit Axe
20:00 Horse Collar
24:25 Castle Age
22:34 Town Watch
23:10 Gold Mining
23:57 Scale Barding Armor
25:44 Bloodlines
24:56 Light Cavalry
28:20 Iron Casting
27:07 Pikeman
28:32 Wheelbarrow
28:39 Fletching
30:52 Bodkin Arrow
31:46 Redemption
33:05 Sanctity
33:03 Murder Holes
jadm9612
8:59 Loom
10:57 Feudal Age
13:41 Man-at-Arms
22:16 Castle Age
20:20 Horse Collar
20:38 Double-Bit Axe
21:57 Padded Archer Armor
21:48 Fletching
22:35 Scale Mail Armor
22:40 Stone Mining
22:42 Gold Mining
24:20 Bodkin Arrow
29:41 Wheelbarrow
33:03 Bow Saw
xxzonabatexx
1:14 Loom
14:05 Feudal Age
14:09 Man-at-Arms
15:01 Double-Bit Axe
15:44 Horse Collar
15:57 Gold Mining
20:37 Padded Archer Armor
21:25 Fletching
26:45 Castle Age
26:56 Crossbowman
27:57 Leather Archer Armor
27:37 Bodkin Arrow
31:52 Scale Barding Armor
33:29 Wheelbarrow
33:46 Stone Mining
36:39 Imperial Age
Connection lost

Rejoining the realm…

Still unreachable

The connection could not be restored.

Session expired

The server has moved on; the page needs a fresh start.